 Dungeon Crawl Stone Soup version 0.31-a0-198-g2ad674f65e (webtiles) character file.

Game seed: 15212166597665181807

197 qw the Skirmisher (level 5, -1/24 (29) HPs)
             Began as a Deep Elf Hunter on June 25, 2023.
             Killed by nerve-wracking pain
             ... invoked by an orc priest
              (11 damage)
             ... on level 3 of the Dungeon.
             The game lasted 00:01:07 (2467 turns).

qw the Skirmisher (Deep Elf Hunter)                 Turns: 2467, Time: 00:01:08

HP:   -1/24 (29)    AC:  6    Str: 10    XL:     5   Next: 46%
MP:   7/7           EV: 12    Int: 14    God:
Gold: 727           SH:  0    Dex: 18    Spells: 4/4 levels left

rFire   . . .        Y - +0 shortbow
rCold   . . .        (shield currently unavailable)
rNeg    . . .        c - +2 leather armour {rPois}
rPois   +            (no helmet)
rElec   .            p - scarf {repulsion}
rCorr   .            (no gloves)
SInv    .            f - +0 pair of boots
Will    .....        (no amulet)
Stlth   ++           (no ring)
HPRegen 0.24/turn    (no ring)
MPRegen 0.10/turn

%: repel missiles
@: heavily drained
A: no striking features
a: no special abilities


You were on level 3 of the Dungeon.
You visited 1 branch of the dungeon, and saw 3 of its levels.

You collected 727 gold pieces.


   Skills:
 - Level 1.5 Fighting
 - Level 9.0 Ranged Weapons
 + Level 2.5 Dodging
 - Level 1.2 Stealth


You had 4 spell levels left.
You didn't know any spells.
Your spell library was empty.

Inventory:

Hand Weapons
 Y - a +0 shortbow (weapon)
Armour
 a - a +0 ring mail
 c - a +2 leather armour of poison resistance (worn)
 f - a +0 pair of boots (worn)
 k - a +0 pair of gloves
 p - a scarf of repulsion (worn)
Jewellery
 h - the ring "Tygees" {rPois rF- Dex+8}
   (You found it on level 3 of the Dungeon)

   [ring of poison resistance]

   Dex:       It affects your dexterity (+8).
   rF:        It makes you vulnerable to fire.
   rPois:     It protects you from poison.
Scrolls
 b - 2 scrolls of identify
Potions
 d - a potion of attraction {unknown}
 e - a potion of heal wounds {unknown}
 g - 2 potions of degeneration {unknown}
 i - a potion of might {unknown}
 j - a potion of haste {unknown}
 l - a potion of magic {unknown}
 m - a potion of mutation {unknown}

Dungeon Overview and Level Annotations

Branches:
Dungeon (3/15)

Altars:
Cheibriados
Hepliaklqana


Message History

You shoot an arrow.
The arrow closely misses the orc priest.
You shoot an arrow.
The arrow completely misses the orc priest.
The orc priest barely misses you.
You shoot an arrow. The arrow hits the orc priest.
The orc priest is moderately wounded.
The orc priest closely misses you.
You shoot an arrow.
The arrow closely misses the orc priest.
The orc priest hits you with a +0 dagger.
You shoot an arrow.
The arrow hits the orc priest but does no damage.
The orc priest is moderately wounded.
The orc priest hits you with a +0 dagger.
You shoot an arrow. The arrow hits the orc priest.
The orc priest is heavily wounded.
The orc priest misses you.
You shoot an arrow. The arrow hits the orc priest.
The orc priest is heavily wounded.
The orc priest closely misses you.
An orc comes into view. It is wielding a +0 war axe.
You shoot an arrow. The orc shouts!
The arrow hits the orc priest.
The orc priest is severely wounded.
The orc priest barely misses you.
You shoot an arrow. The arrow barely misses the orc priest.
The arrow barely misses the orc.
The orc priest hits you but does no damage.
You shoot an arrow. The arrow hits the orc priest.
The orc priest is severely wounded.
The orc priest calls down the wrath of Beogh upon you.
Beogh smites you!
You shoot an arrow.
The arrow hits the orc priest but does no damage.
The orc priest is severely wounded.
The orc priest invokes the aid of Beogh against you.
Pain shoots through your body!
You die...

.###...## #.....#
.##.....# #######
####...## #.......#
####.##.# #.)####.####
.##.##.....#
##.#_##.##.############.
#.#####.##...>.<@o.o..).
#..##...################
######### #.# #(# #.#
#.# ##.## #...#


You could see an orc priest and an orc.

Vanquished Creatures
  A hound (D:3)
  An orc priest (D:3)
  6 adders
  A worm (D:2)
  A dart slug (D:2)
  6 orcs
  2 endoplasms (D:3)
  4 giant cockroaches
  3 goblins
  A hobgoblin (D:2)
  12 jackals
  3 quokkas
  6 ball pythons
  9 bats
  7 frilled lizards
  5 kobolds
  6 rats
74 creatures vanquished.

Notes
Turn   | Place    | Note
-------+----------+-------------------------------------------
     0 | D:1      | qw the Deep Elf Hunter began the quest for the Orb.
     0 | D:1      | Reached XP level 1. HP: 12/12 MP: 3/3
     0 | D:1      | 0 ||| qw: Version: 0.3-a-22-g0ed2b0b
     0 | D:1      | 0 ||| qw: Game counter: 4912
     0 | D:1      | 0 ||| qw: Melee chars always use a shield: true
     0 | D:1      | 0 ||| qw: God list: Okawaru
     0 | D:1      | 0 ||| qw: Allow faded altars: false
     0 | D:1      | 0 ||| qw: Do Orc after clearing Dungeon:15 true
     0 | D:1      | 0 ||| qw: Do second Lair branch before Depths: true
     0 | D:1      | 0 ||| qw: Lair rune preference: random
     0 | D:1      | 0 ||| qw: Goals: Normal
     0 | D:1      | 0 ||| PLANNING D:1-11
   253 | D:1      | Reached XP level 2. HP: 16/16 MP: 4/4
   254 | D:1      | Reached skill level 6 in Ranged Weapons
   730 | D:1      | 730 ||| UPGRADING to +0 pair of boots.
   735 | D:1      | 735 ||| UPGRADING to +0 scale mail.
   745 | D:1      | 745 ||| DROPPING +0 leather armour.
   746 | D:1      | 746 ||| UPGRADING to scarf of repulsion.
   751 | D:1      | 751 ||| READING scroll labelled GUGOYNK NUEKHOLU.
   752 | D:1      | 752 ||| READING scroll labelled TEICRE MEGIL.
   753 | D:1      | 753 ||| READING scroll labelled UTOXIE ORIUTS.
   754 | D:1      | 754 ||| READING scroll labelled ICROSIMMAH.
   755 | D:1      | 755 ||| READING scroll labelled ETECVYANKEU.
   758 | D:1      | 758 ||| DROPPING scroll of butterflies.
   793 | D:2      | 793 ||| STAIRDANCE
   881 | D:2      | 881 ||| Stepping ~*~*~tactically~*~*~ (outnumbered).
   886 | D:2      | Reached XP level 3. HP: 20/20 MP: 5/5
   955 | D:2      | Reached skill level 7 in Ranged Weapons
  1338 | D:2      | Found a snail-covered altar of Cheibriados.
  1355 | D:2      | Reached XP level 4. HP: 25/25 MP: 6/6
  1602 | D:2      | 1602 ||| UPGRADING to +0 ring mail.
  1612 | D:2      | 1612 ||| UPGRADING to +2 leather armour of poison
                  | resistance.
  1622 | D:2      | 1622 ||| DROPPING +0 scale mail.
  1623 | D:2      | 1623 ||| READING 2 scrolls labelled JAGADI QOEROYTULI.
  1624 | D:2      | 1624 ||| READING scroll labelled BIDEPPE DE OLO.
  1624 | D:2      | Identified a scroll of acquirement
  1624 | D:2      | 1624 ||| ACQUIRING 623 gold pieces
  1624 | D:2      | Acquired 623 gold pieces
  1697 | D:3      | Reached skill level 8 in Ranged Weapons
  1844 | D:3      | Reached XP level 5. HP: 29/29 MP: 7/7
  1894 | D:3      | Identified the ring "Tygees" {rPois rF- Dex+8}
  2018 | D:3      | 2018 ||| Stepping ~*~*~tactically~*~*~ (outnumbered).
  2121 | D:3      | Reached skill level 9 in Ranged Weapons
  2234 | D:3      | Found a hazy altar of Hepliaklqana.
  2467 | D:3      | Killed from afar by an orc priest

Levels and vault maps discovered:
D:1:      dpeg_arrival_stonehenge_8_columns, layout_basic,
          hangedman_decor_slide_cut, minmay_3d_cube
D:2:      minmay_recursive_quarters, layout_basic, basic_altar,
          grunt_ministairs_15
D:3:      layout_loops_cross, marbit_many_paths, minmay_misc_feat_secret_circle,
          minmay_puff

Skill      XL: |  1  2  3  4  5 |
---------------+----------------+-----
Ranged Weapons | 6 7 8 9 |  9.0
Fighting       | |  1.5
Dodging        | |  2.5
Stealth        | |  1.2

Action                     |  1- 3 |  4- 6 || total
---------------------------+-------+-------++-------
   Fire: Shortbow          |   129 |   134 ||   263
    Use: Scroll            |     5 |     2 ||     7
 Armour: Leather armour    |     8 |    18 ||    26
         Scale mail        |    26 |     3 ||    29
  Dodge: Dodged            |    51 |    27 ||    78

Table legend:
 A = Non-vault XP
 B = Vault XP
 C = Vault XP percentage of total XP
 D = Non-vault monster count
 E = Vault monster count
 F = Vault count percentage of total count
                 A         B        C        D         E       F
            +---------+---------+-------+---------+---------+-------
      Total |     241 |      41 |  14.5 |      58 |      16 |  21.6
            +---------+---------+-------+---------+---------+-------
        D:1 |      21 |       4 |  16.0 |      13 |       3 |  18.8
        D:2 |      42 |      35 |  45.5 |      19 |      12 |  38.7
        D:3 |     178 |       2 |   1.1 |      26 |       1 |   3.7
            +---------+---------+-------+---------+---------+-------
